 Dungeon Sprint DCSS version 0.29.1-12-g30fa7ad0bf (webtiles) character file.

Game seed: 13242651983949565120

804 boopmooplesden the Fighter (level 7, -2/78 HPs)
             Began as a Minotaur Berserker on Dec 21, 2022.
             Was a Priest of Trog.
             Slain by a soul eater (9 damage)
             ... summoned by a kobold demonologist
             ... in the Dungeon (Sprint I: "Red Sonja").
             The game lasted 00:00:46 (974 turns).

boopmooplesden the Fighter (Minotaur Berserker)      Turns: 974, Time: 00:00:46

Health: -2/78      AC:  4    Str: 24    XL:     7   Next: 60%
Magic:  6/6        EV: 13    Int:  4    God:    Trog [***...]
Gold:   270        SH:  0    Dex:  9    Spells: 6/6 levels left

rFire   . . .      SeeInvis .   j - +8 club
rCold   . . .      Faith    .   (no shield)
rNeg    . . .      Spirit   .   k - +0 leather armour
rPois   .          Reflect  .   (helmet restricted)
rElec   .          Harm     .   (no cloak)
rCorr   .          Rampage  .   (no gloves)
Will    .....      NoTele   +   (no boots)
Stlth   +.........              (no amulet)
HPRegen 0.23/turn               (no ring)
MPRegen 0.10/turn               (no ring)

@: on berserk cooldown, slowed, very slow
A: horns 2, retaliatory headbutt
a: Renounce Religion, Berserk, Trog's Hand


You were in the Dungeon.
You worshipped Trog.
Trog was most pleased with you.
You visited 1 branch You collected 270 gold pieces.

Inventory:

Hand Weapons
 a - a +0 spear
 j - a +8 club (weapon)
Armour
 b - a +0 animal skin
 k - a +0 leather armour (worn)
Wands
 i - a wand of flame (27)
Scrolls
 h - a scroll of blinking
Potions
 c - a potion of curing
 d - a potion of heal wounds
 e - a potion of haste
 f - 2 potions of magic
 g - a potion of berserk rage


   Skills:
 + Level 12.8 Fighting
 + Level 2.3 Maces & Flails
 + Level 12.4 Polearms
 + Level 7.7 Armour
 + Level 6.5 Dodging
 + Level 0.9 Stealth


You had 6 spell levels left.
You didn't know any spells.
Your spell library was empty.

Dungeon Overview and Level Annotations

Branches:
Dungeon (1/1)

Altars:
Makhleb
Xom
Jiyva
Lugonu


Innate Abilities, Weirdness & Mutations

You have a pair of horns on your head.
You reflexively headbutt those who attack you in melee.


Message History

Unknown command.
You hit the floating eye. You headbutt the floating eye.
The floating eye is severely wounded.
The quasit bites you. The quasit closely misses you.
The quasit completely misses you.
The soul eater draws from the surrounding life force!
The quasit completely misses you. The quasit closely misses you. x2
The floating eye's view fixates on you.
The kobold demonologist hits you with a +0 dagger.
The quasit bites you but does no damage.
The quasit closely misses you.
The quasit claws you but does no damage.
You thump the floating eye!
You kill the floating eye!
Trog accepts your kill.
The kobold demonologist gestures wildly while chanting.
The quasit barely misses you.
The quasit claws you but does no damage.
The quasit misses you.
The kobold demonologist hits you with a +0 dagger.
The quasit closely misses you. x2; The quasit claws you.
You feel clumsy. The ice devil hits you! The ice devil freezes you!
You feel your dexterity returning.
You closely miss the kobold demonologist.
The kobold demonologist is moderately wounded.
The quasit misses you. The quasit closely misses you.
The quasit barely misses you.
The kobold demonologist casts a spell.
The ice devil hits you. The ice devil freezes you!
The quasit completely misses you. You furiously retaliate!
You headbutt the quasit, but do no damage.
The quasit misses you. The quasit barely misses you.
The kobold demonologist barely misses you.
The ice devil hits you!
* * * LOW HITPOINT WARNING * * *
The ice devil freezes you!
* * * LOW HITPOINT WARNING * * *
The soul eater draws from the surrounding life force!
You die...

#####################
.').#.)'..#__#.5@434#
.#..'..#..'..'..#K5.#
###'#####+#__####5..+
#..# #### #### ####


You could see a soul eater (summoned), an ice devil (summoned), a rust devil
(summoned), a kobold demonologist, 2 iron imps and a quasit (summoned).

Vanquished Creatures
  A kobold demonologist (D)
  A slime creature (D)
  Sigmund (D)
  A floating eye (D)
  An ogre (D)
  Ijyb (D)
6 creatures vanquished.

Notes
Turn   | Place    | Note
-------+----------+-------------------------------------------
     0 | D        | boopmooplesden the Minotaur Berserker began the quest for
                  | the Orb.
     0 | D        | Reached XP level 1. HP: 19/19 MP: 0/0
     1 | D        | Noticed Ijyb
     4 | D        | Killed Ijyb
     5 | D        | Reached skill level 5 in Fighting
     5 | D        | Reached skill level 5 in Polearms
     5 | D        | Reached XP level 2. HP: 29/29 MP: 1/1
   261 | D        | Noticed an ogre
   264 | D        | Killed an ogre
   265 | D        | Reached XP level 3. HP: 36/40 MP: 2/2
   265 | D        | Reached XP level 4. HP: 44/48 MP: 3/3
   472 | D        | Noticed Sigmund
   480 | D        | Killed Sigmund
   480 | D        | Reached ** piety under Trog
   481 | D        | Reached skill level 1 in Maces & Flails
   481 | D        | Reached skill level 5 in Armour
   481 | D        | Reached XP level 5. HP: 40/58 MP: 4/4
   572 | D        | Found a burning altar of Makhleb.
   572 | D        | Found a shimmering altar of Xom.
   572 | D        | Noticed a slime creature
   573 | D        | Found a viscous altar of Jiyva.
   573 | D        | Found a corrupted altar of Lugonu.
   582 | D        | Killed a slime creature
   583 | D        | Reached skill level 5 in Dodging
   583 | D        | Reached XP level 6. HP: 11/68 MP: 5/5
   960 | D        | Noticed a kobold demonologist
   961 | D        | Noticed a kobold demonologist
   962 | D        | Noticed a floating eye
   964 | D        | Noticed a soul eater
   966 | D        | Noticed a hellwing
   967 | D        | Paralysed by a floating eye for 2 turns
   970 | D        | Killed a kobold demonologist
   971 | D        | Reached XP level 7. HP: 78/78 MP: 6/6
   972 | D        | Noticed an ice devil
   973 | D        | Reached *** piety under Trog
   974 | D        | Slain by a soul eater

Illustrated notes

Levels and vault maps discovered:
D:        dungeon_sprint_1 [red_sonja_temple_1, red_sonja_temple_small_1]

Skill      XL: |  1  2  3  4  5  6 |
---------------+-------------------+-----
Fighting       | 5 7 9 11 12 | 12.8
Polearms       | 5 7 9 11 12 | 12.4
Armour         | 3 4 5 6 7 |  7.7
Dodging        | 3 4 5 6 |  6.5
Maces & Flails | 1 2 |  2.3
Stealth        | |  0.9

Action                   |  1- 3 |  4- 6 |  7- 9 || total
-------------------------+-------+-------+-------++-------
Melee: Spear             |     2 |       |       ||     2
       Headbutt          |     2 |       |     1 ||     3
       Club              |     3 |    17 |     4 ||    24
Invok: Berserk           |     2 |     2 |       ||     4
Armor: Leather armour    |       |     2 |     4 ||     6
Dodge: Dodged            |       |     8 |    17 ||    25
